 Dungeon Crawl Stone Soup version 0.23.2 (webtiles) character file.

Game seed: 16932950061947440453

656 Kairos the Poker (level 7, 0/55 HPs)
             Began as a Formicid Abyssal Knight on Apr 9, 2019.
             Was a Priest of Lugonu.
             Slain by a bullfrog (5 damage)
             ... on level 7 of the Dungeon.
             The game lasted 00:07:27 (3880 turns).

Kairos the Poker (Formicid Abyssal Knight)          Turns: 3880, Time: 00:07:27

Health: 0/55       AC:  7    Str: 18    XL:     7   Next: 85%
Magic:  7/8        EV: 11    Int: 16    God:    Lugonu [***...]
Gold:   164        SH:  6    Dex: 13    Spells: 6/6 levels left

rFire    . . .     SeeInvis +   a - +2 spear
rCold    . . .     Gourm    .   s - +2 buckler
rNeg     . . .     Faith    .   f - +1 ring mail {MR+}
rPois    .         Spirit   .   (helmet unavailable)
rElec    .         Reflect  .   (no cloak)
rCorr    .         Harm     .   (no gloves)
MR       +....                  (no boots)
Stlth    +.........             (no amulet)
HPRegen  0.18/turn              t - +4 ring of intelligence
MPRegen  0.11/turn              x - +3 ring of dexterity

@: no status effects
A: permanent stasis, dig shafts and tunnels, four strong arms, antennae 3
a: Dig, Shaft Self, Depart the Abyss, Bend Space, Banish, Renounce Religion


You were on level 7 of the Dungeon.
You worshipped Lugonu.
Lugonu was most pleased with you.
You were hungry.

You visited 1 branch of the dungeon, and saw 5 of its levels.
You visited the Abyss 1 time.

You collected 164 gold pieces.

Inventory:

Hand Weapons
 a - a +2 spear (weapon)
Armour
 f - a +1 ring mail of magic resistance (worn)
 n - a +1 chain mail of cold resistance
 s - a +2 buckler (worn)
Jewellery
 t - a +4 ring of intelligence (left hand)
 x - a +3 ring of dexterity (right hand)
Scrolls
 d - a scroll of immolation {unknown}
 e - a scroll of amnesia
 i - a scroll of remove curse {unknown}
 o - a scroll of fear
 q - a scroll of enchant armour {unknown}
 u - a scroll of fog {unknown}
 v - a scroll of blinking {unknown}
Potions
 b - a potion of mutation {unknown}
 g - 2 potions of cancellation {unknown}
 h - 3 potions of agility
 j - a potion of invisibility {unknown}
 l - a potion of might {unknown}
 m - 2 potions of brilliance
 r - a potion of flight {unknown}
Comestibles
 c - 7 rations
 k - 2 chunks of flesh


   Skills:
 + Level 4.5 Fighting
 + Level 5.6 Polearms
 + Level 4.6 Armour
 + Level 2.6 Dodging
 + Level 0.8 Stealth
 + Level 1.5 Shields
 + Level 2.2 Invocations


You had 6 spell levels left.
You didn't know any spells.
Your spell library was empty.

Dungeon Overview and Level Annotations

Branches:
Dungeon (4/15)
 Temple: D:4-7

Altars:
Sif Muna
Uskayaw
Wu Jian
Xom

Annotations:
D:4 Dowan, Duvessa, Pikel


Innate Abilities, Weirdness & Mutations

You cannot be hasted, slowed, berserked, paralysed or teleported.
You can dig through walls and to a lower floor.
Your four strong arms can wield two-handed weapons with a shield.
You have a pair of large antennae on your head. (SInv)


Message History

Pikel hits you with a +0 whip of flaming.
* * * LOW HITPOINT WARNING * * *
Pikel burns you.
* * * LOW HITPOINT WARNING * * *
You begin to dig a shaft.
You continue digging a shaft.
Pikel hits you with a +0 whip of flaming!
* * * LOW HITPOINT WARNING * * *
Pikel burns you.
* * * LOW HITPOINT WARNING * * *
A shaft appears beneath you!
You fall through a shaft for 3 floors!
The shaft crumbles and collapses.
A bullfrog comes into view.
The bullfrog croaks.
Found a glowing marble ring.
Found a stone staircase leading down.
There is a stone staircase leading down here.
You closely miss the bullfrog.
The bullfrog hits you but does no damage.
You completely miss the bullfrog. The bullfrog hits you.
You die...

#..# .
{#..+
..####..# {
.....P..###
........
....= #..#
#.@# ##F#
#.# #.#
#......#
####.#.# ..
.# #


You could see a bullfrog.

Vanquished Creatures
  Grinder (D:3)
  A scorpion (D:3)
  A hound (D:3)
  A jelly (D:1)
  2 orc wizards
  Jessica (D:3)
  Natasha (twice) (D:3)
  Terence (D:3)
  Robin (D:3)
  2 adders
  7 oozes
  6 worms
  2 dart slugs
  5 leopard geckos
  8 orcs
  4 giant cockroaches
  14 goblins
  5 hobgoblins
  12 jackals
  A quokka (D:3)
  A ball python (D:3)
  12 bats
  3 frilled lizards
  4 kobolds
  8 rats
105 creatures vanquished.

Vanquished Creatures (others)
  A bat (D:3)
  7 starspawn tentacles (Abyss:1)
8 creatures vanquished.

Grand Total: 113 creatures vanquished

Notes
Turn   | Place    | Note
-------+----------+-------------------------------------------
     0 | Abyss:1  | Kairos the Formicid Abyssal Knight began the quest for the
                  | Orb.
     0 | Abyss:1  | Reached XP level 1. HP: 18/18 MP: 2/2
    44 | Abyss:1  | Noticed a large abomination
    83 | Abyss:1  | Noticed a tentacled starspawn
   139 | Abyss:1  | Noticed a small abomination
   170 | Abyss:1  | Noticed a tentacled starspawn
   170 | Abyss:1  | Noticed a worldbinder
   201 | Abyss:1  | Noticed a glowing orange brain
   204 | D:1      | Escaped the Abyss
   204 | D:1      | Noticed a jelly
   210 | D:1      | Found a runed translucent door.
   534 | D:1      | Reached XP level 2. HP: 20/24 MP: 3/3
   597 | D:1      | Reached * piety under Lugonu
   724 | D:1      | Reached skill level 1 in Dodging
   726 | D:1      | Reached XP level 3. HP: 23/30 MP: 4/4
  1230 | D:1      | Reached XP level 4. HP: 26/37 MP: 5/5
  1242 | D:1      | Reached skill level 3 in Polearms
  1308 | D:1      | Reached ** piety under Lugonu
  1308 | D:1      | Reached XP level 5. HP: 24/42 MP: 6/6
  1645 | D:2      | Found a faded altar of an unknown god.
  1727 | D:2      | Found a hide-covered altar of Uskayaw.
  1728 | D:2      | Found an ornate altar of the Wu Jian Council.
  2097 | D:3      | Noticed Terence
  2140 | D:3      | Killed Terence
  2158 | D:3      | Reached skill level 4 in Polearms
  2285 | D:3      | Noticed Jessica
  2293 | D:3      | Killed Jessica
  2324 | D:3      | Reached XP level 6. HP: 41/48 MP: 7/7
  2330 | D:3      | Found a deep blue altar of Sif Muna.
  2354 | D:3      | Noticed Natasha
  2367 | D:3      | Killed Natasha
  2552 | D:3      | Noticed Natasha
  2568 | D:3      | Killed Natasha
  2572 | D:3      | Found a shimmering altar of Xom.
  2572 | D:3      | Noticed Grinder
  2610 | D:3      | Killed Grinder
  2610 | D:3      | Reached skill level 5 in Polearms
  2610 | D:3      | Reached skill level 1 in Shields
  2610 | D:3      | Reached XP level 7. HP: 15/55 MP: 8/8
  3027 | D:3      | Reached *** piety under Lugonu
  3072 | D:3      | Noticed Robin
  3108 | D:3      | Killed Robin
  3386 | D:4      | Noticed Duvessa
  3387 | D:4      | Noticed Dowan
  3819 | D:4      | Noticed Pikel
  3875 | D:4      | You fall through a shaft for 3 floors!
  3880 | D:7      | Slain by a bullfrog

Skill      XL: |  1  2  3  4  5  6 |
---------------+-------------------+-----
Dodging        | 1 2 |  2.6
Fighting       | 4 |  4.5
Armour         | 3 4 |  4.6
Polearms       | 3 4 5 |  5.6
Shields        | 1 |  1.5
Stealth        | |  0.8
Invocations    | |  2.2

Action                   |  1- 3 |  4- 6 |  7- 9 || total
-------------------------+-------+-------+-------++-------
Melee: Spear             |    70 |   265 |   136 ||   471
Invok: Depart the Abyss  |     1 |       |       ||     1
       Bend Space        |       |       |     1 ||     1
 Abil: Dig               |     3 |       |     1 ||     4
       Shaft Self        |       |       |     1 ||     1
  Use: Scroll            |     2 |     4 |     2 ||     8
  Eat: Chunk             |       |     6 |     4 ||    10
Armor: Leather armour    |     5 |       |       ||     5
       Ring mail         |    17 |       |     4 ||    21
       Scale mail        |     6 |    28 |       ||    34
       Chain mail        |       |    65 |    35 ||   100
Dodge: Dodged            |    36 |    79 |    31 ||   146
Block: Buckler           |       |    35 |    23 ||    58
